 Dungeon Crawl Stone Soup version 0.31-a0-237-g2d982f9f85 (webtiles) character file.

Game seed: 15620512056366682203

83 qw the Shooter (level 4, -3/36 HPs)
             Began as a Minotaur Hexslinger on July 10, 2023.
             Slain by a hobgoblin (4 damage)
             ... on level 4 of the Dungeon.
             The game lasted 00:00:39 (2070 turns).

qw the Shooter (Minotaur Hexslinger)                Turns: 2070, Time: 00:00:39

Health: -3/36      AC:  5    Str: 13    XL:     4   Next: 22%
Magic:  4/4        EV:  8    Int: 10    God:
Gold:   170        SH:  0    Dex: 14    Spells: 4/5 levels left

rFire   + . .        Y - +1 sling
rCold   . . .        (no shield)
rNeg    + . .        c - +0 ring mail
rPois   .            (helmet restricted)
rElec   .            (no cloak)
rCorr   .            (no gloves)
SInv    .            (no boots)
Will    .....        (no amulet)
Stlth   +            i - ring of positive energy
HPRegen 0.26/turn    l - ring of protection from fire
MPRegen 0.09/turn

%: no passive effects
@: constricted
A: horns 2, retaliatory headbutt
a: no special abilities


You were on level 4 of the Dungeon.
You visited 1 branch of the dungeon, and saw 4 of its levels.

You collected 170 gold pieces.


Innate Abilities, Weirdness & Mutations

You have a pair of horns on your head.
You reflexively headbutt those who attack you in melee.


   Skills:
 - Level 2.0 Fighting
 - Level 4.7 Ranged Weapons
 + Level 0.2 Armour
 - Level 2.1 Dodging
 - Level 1.0 Spellcasting
 - Level 2.0 Hexes


You had 4 spell levels left.
You knew the following spells:

 Your Spells              Type           Power      Damage    Failure   Level
a - Slow                  Hex            16%        N/A       32%         1

Your spell library contained the following spells:

 Spells                   Type           Power      Damage    Failure   Level
 Inner Flame              Hex/Fire       2%         N/A       82%         3
 Portal Projectile        Hex/Tloc       4%         N/A       82%         3
 Cause Fear               Hex            2%         N/A       97%         4

Inventory:

Hand Weapons
 Y - a +1 sling (weapon)
Armour
 c - a +0 ring mail (worn)
Jewellery
 i - a ring of positive energy (left hand)
 l - a ring of protection from fire (right hand)
Scrolls
 f - a scroll of identify
Potions
 a - a potion of heal wounds {unknown}
 b - a potion of attraction {unknown}
 e - a potion of resistance
 g - a potion of curing
 h - a potion of lignification {unknown}
 k - a potion of berserk rage {unknown}

Dungeon Overview and Level Annotations

Branches:
Dungeon (4/15)
 Temple: D:4-7

Altars:

Annotations:
D:4 Duvessa


Message History

The sling bullet hits the black bear.
The black bear is moderately wounded.
You shoot a sling bullet. The sling bullet hits the black bear.
The black bear is moderately wounded.
A ball python comes into view.
Duvessa, Sister of Dowan comes into view.
She is wielding a +0 short sword.
You shoot a sling bullet.
The sling bullet barely misses the black bear.
Duvessa shouts!
The ball python hisses angrily.
The black bear bites you. The black bear closely misses you.
The black bear claws you but does no damage.
You shoot a sling bullet. The sling bullet hits the black bear.
The black bear is heavily wounded.
The black bear bites you. The black bear barely misses you.
The black bear claws you. The black bear closely misses you.
The black bear claws you. The black bear closely misses you.
Duvessa drinks a potion.
Duvessa suddenly seems more resistant.
A ball python comes into view.
You shoot a sling bullet. The ball python hisses angrily.
The sling bullet hits the black bear!
The black bear is severely wounded.
The black bear goes berserk!
You shoot a sling bullet.
The sling bullet barely misses the black bear.
The black bear closely misses you. x2; The black bear claws you.
The hobgoblin hits you but does no damage.
The black bear bites you! The black bear claws you.
The black bear claws you but does no damage.
You shoot a sling bullet.
The sling bullet hits the black bear but does no damage.
The black bear is severely wounded.
The black bear bites you! The black bear closely misses you.
The black bear claws you. The hobgoblin closely misses you.
The ball python bites you but does no damage.
The ball python grabs you. The ball python constricts you.
The black bear bites you but does no damage.
The black bear barely misses you. The black bear closely misses you.
The hobgoblin hits you.
You die...

...........
#............ ...
####.......... . ..###.
..#........... )##......
..#...(....... .........
.............# #S.....##
.............###e.......
.........###...Shg......
###.##....###...@...<...
###.......#..(.##...#.
##...#.......# ##
####...##...#
#.....##...#
#..........#
#...#.#....##
########....# ##..##


You could see Duvessa (resistant), a black bear (berserk), a hobgoblin and 2
ball pythons.

Vanquished Creatures
  4 adders
  A worm (D:2)
  A dart slug (D:1)
  An orc (D:3)
  6 bats
  3 endoplasms
  2 giant cockroaches
  5 hobgoblins
  3 jackals (D:3)
  6 ball pythons
  A frilled lizard (D:3)
  4 goblins
  3 kobolds
  A rat (D:1)
41 creatures vanquished.

Notes
Turn   | Place    | Note
-------+----------+-------------------------------------------
     0 | D:1      | qw the Minotaur Hexslinger began the quest for the Orb.
     0 | D:1      | Reached XP level 1. HP: 16/16 MP: 1/1
     0 | D:1      | 0 ||| qw: Version: 0.3-a-52-g30416fa
     0 | D:1      | 0 ||| qw: Game counter: 4969
     0 | D:1      | 0 ||| qw: Melee chars always use a shield: true
     0 | D:1      | 0 ||| qw: God list: Okawaru
     0 | D:1      | 0 ||| qw: Allow faded altars: false
     0 | D:1      | 0 ||| qw: Do Orc after clearing Dungeon:15 true
     0 | D:1      | 0 ||| qw: Do second Lair branch before Depths: true
     0 | D:1      | 0 ||| qw: Lair rune preference: random
     0 | D:1      | 0 ||| qw: Goals: Normal
     0 | D:1      | 0 ||| PLANNING D:1-11
    72 | D:1      | Reached skill level 3 in Ranged Weapons
    76 | D:1      | Reached XP level 2. HP: 22/23 MP: 2/2
   458 | D:1      | Found a faded altar of an unknown god.
   463 | D:1      | 463 ||| UPGRADING to +0 leather armour.
   473 | D:1      | 473 ||| DROPPING +0 robe.
   474 | D:1      | 474 ||| UPGRADING to ring of positive energy.
   475 | D:1      | 475 ||| READING scroll labelled OCUD ULUROTZ.
   476 | D:1      | 476 ||| READING 3 scrolls labelled AVANUZ NYNTEYHACE.
   477 | D:1      | 477 ||| READING scroll labelled HUALUDIPLAI.
   478 | D:1      | 478 ||| READING scroll labelled NUMOBR BO SANANT.
   479 | D:1      | 479 ||| READING scroll labelled EREAQI LOKA.
   483 | D:1      | 483 ||| DRINKING 2 lumpy inky potions.
   484 | D:1      | 484 ||| READING 2 scrolls of identify.
   484 | D:1      | 484 ||| IDENTIFYING fizzy white potion
   485 | D:1      | 485 ||| DROPPING scroll of poison.
   486 | D:1      | 486 ||| DROPPING potion of magic.
   591 | D:2      | Reached XP level 3. HP: 25/29 MP: 3/3
  1485 | D:2      | 1485 ||| READING scroll labelled ICUONE GATIEM.
  1539 | D:3      | Reached skill level 4 in Ranged Weapons
  1705 | D:3      | Reached XP level 4. HP: 32/36 MP: 4/4
  1981 | D:3      | 1981 ||| UPGRADING to +0 ring mail.
  1991 | D:3      | 1991 ||| DROPPING +0 leather armour.
  1992 | D:3      | 1992 ||| UPGRADING to ring of protection from fire.
  1993 | D:3      | 1993 ||| READING scroll labelled FIAJEWA UDUDA.
  2061 | D:4      | Noticed a black bear
  2065 | D:4      | Noticed Duvessa
  2070 | D:4      | HP: 3/36 [black bear (8)]
  2070 | D:4      | HP: 1/36 [black bear (2)]
  2070 | D:4      | Slain by a hobgoblin

Levels and vault maps discovered:
D:1:      dpeg_arrival_simpleton_b, layout_rooms,
          dreamdust_ecumenical_altar_hidden_monk_grotto, serial_bayou_pond_b
D:2:      layout_basic
D:3:      layout_basic
D:4:      layout_cave_pools, serial_shops, nicolae_shop_statue_plus,
          uniq_sigmund, uniq_duvessa

Skill      XL: |  1  2  3 |
---------------+----------+-----
Ranged Weapons | 3 4 |  4.7
Fighting       | 2 |  2.0
Armour         | |  0.2
Dodging        | |  2.1
Spellcasting   | |  1.0
Hexes          | |  2.0

Action                     |  1- 3 |  4- 6 || total
---------------------------+-------+-------++-------
   Fire: Sling             |    94 |    30 ||   124
    Use: Scroll            |     7 |     1 ||     8
         Potion            |     1 |       ||     1
 Armour: Leather armour    |     5 |     1 ||     6
         Ring mail         |       |     5 ||     5
  Dodge: Dodged            |    28 |    29 ||    57

Table legend:
 A = Non-vault XP
 B = Vault XP
 C = Vault XP percentage of total XP
 D = Non-vault monster count
 E = Vault monster count
 F = Vault count percentage of total count
                 A         B        C        D         E       F
            +---------+---------+-------+---------+---------+-------
      Total |     113 |       6 |   5.0 |      37 |       4 |   9.8
            +---------+---------+-------+---------+---------+-------
        D:1 |      15 |       6 |  28.6 |       8 |       4 |  33.3
        D:2 |      38 |       0 |   0.0 |       8 |       0 |   0.0
        D:3 |      56 |       0 |   0.0 |      19 |       0 |   0.0
        D:4 |       4 |       0 |   0.0 |       2 |       0 |   0.0
            +---------+---------+-------+---------+---------+-------
